 Dungeon Crawl Stone Soup version 0.30-a0-475-g03497ec522 (webtiles) character file.

Game seed: 4063922352967370661

161 freelancePsychic the Cutter (level 5, -1/41 HPs)
             Began as a Demonspawn Wanderer on Dec 21, 2022.
             Was a Believer of Dithmenos.
             Succumbed to a kobold brigand's curare-tipped dart
             ... on level 3 of the Dungeon.
             The game lasted 00:05:26 (2332 turns).

freelancePsychic the Cutter (Demonspawn Wanderer)   Turns: 2332, Time: 00:05:26

Health: -1/41      AC:  9    Str:  9    XL:     5   Next: 18%
Magic:  8/8        EV: 11    Int: 13    God:    Dithmenos [**....]
Gold:   189        SH:  4    Dex: 18    Spells: 7/8 levels left

rFire   . . .      SeeInvis .    a - +1 dagger (speed)
rCold   . . .      Faith    .    d - +0 buckler
rNeg    . . .      Spirit   .    g - +0 leather armour
rPois   .          Reflect  .    (helmet restricted)
rElec   .          Harm     .    (no cloak)
rCorr   .          Rampage  .    (no gloves)
Will    .....                    (no boots)
Stlth   ++........               (no amulet)
HPRegen 1.06/turn                n - +4 ring of protection
MPRegen 0.11/turn                j - ring of flight

@: lethally poisoned (-1 -> -4), flying, slowed, wreathed by umbra, very slow
A: antennae 1, sharp scales 2, regeneration 1, robust 1, wild magic 1, no potion
heal 1
a: Renounce Religion, Shadow Step


You were on level 3 of the Dungeon.
You worshipped Dithmenos.
Dithmenos was pleased with you.
You visited 1 branch of the dungeon, and saw 3 of its levels.

You collected 189 gold pieces.

Inventory:

Hand Weapons
 a - a +1 dagger of speed (weapon)
 m - a +4 dagger
Missiles
 f - 3 javelins (quivered)
Armour
 c - a +0 robe
 d - a +0 buckler (worn)
 g - a +0 leather armour (worn)
Jewellery
 j - a ring of flight (right hand)
 n - a +4 ring of protection (left hand)
Scrolls
 b - a scroll of fog
 h - a scroll of noise {unknown}
 i - a scroll of immolation
 k - a scroll of teleportation {@r4}
 p - a scroll of blinking
 q - a scroll of fear {unknown}
 r - a scroll of amnesia {unknown}
Potions
 e - 2 potions of flight


   Skills:
 + Level 2.0 Fighting
 * Level 2.7 Short Blades
 - Level 1.7 Armour
 + Level 1.4 Dodging
 - Level 2.0 Stealth
 - Level 1.0 Shields
 - Level 2.0 Spellcasting
 - Level 2.4 Summonings
 - Level 2.1 Necromancy


You had 7 spell levels left.
You knew the following spells:

 Your Spells              Type           Power      Damage    Failure   Level
a - Summon Small Mammal   Summ           40%        N/A       24%         1

Your spell library contained the following spells:

 Spells                   Type           Power      Damage    Failure   Level
 Necrotise                Necr           36%        1d5       26%         1
 Vampiric Draining        Necr           9%         2d6       58%         3
 Animate Armour           Summ/Erth      10%        N/A       98%         4
 Summon Lightning Spire   Summ/Air       5%         N/A       98%         4


Dungeon Overview and Level Annotations

Branches:
Dungeon (3/15)

Altars:
Dithmenos
Gozag
Hepliaklqana
Okawaru

Annotations:
D:3 exclusions: orc and 2 orc priests


Innate Abilities, Weirdness & Mutations

You have a pair of small antennae on your head.
You are mostly covered in razor-sharp scales. (AC +2, Slay +2)
Your natural rate of healing is unusually fast.
You are robust. (+10% HP)
Your spells are a little harder to cast, but a little more powerful.
Potions are less effective at restoring your health.


Message History

A kobold brigand comes into view.
It is wielding a +0 dagger of venom and quivering curare-tipped darts.
A kobold brigand is nearby!
A kobold brigand comes into view.
It is wielding a +1 dagger of venom and quivering poisoned darts.
The kobold brigand shouts! x2
The kobold brigand moves out of view.
A kobold comes into view. It is wielding a +0 dagger.
The kobold moves out of view.
The kobold brigand throws a curare-tipped dart.
You block the curare-tipped dart.
The kobold brigand throws a curare-tipped dart.
The curare-tipped dart hits you.
You are poisoned.
You have difficulty breathing.
You feel yourself slow down.
It was a potion of heal wounds.
You feel much better.
You feel very sick.
As you read the scroll of teleportation {@r4}, it crumbles to dust.
You feel strangely unstable.
You feel very sick.
The kobold brigand throws a curare-tipped dart.
The curare-tipped dart hits you.
You are more poisoned.
You have difficulty breathing.
You feel as though you will be slow longer.
You feel very sick.
The kobold brigand throws a curare-tipped dart.
The curare-tipped dart hits you.
You are lethally poisoned!
You have difficulty breathing.
You feel as though you will be slow longer.
Your surroundings suddenly seem different.
* * * LOW HITPOINT WARNING * * *
You feel extremely sick.
It was a potion of mutation.
You feel extremely strange.
You feel robust.
Your system partially rejects the healing effects of potions.
You feel less in control of your magic.
You begin to heal more quickly.
* * * LOW HITPOINT WARNING * * *
You feel very sick.
You die...

## ##.[###......####.########
######.......>....# ###.._...#
##........###......####........#
#.........................)....#
..........###.>....#....#.._..###
............#........>..#######..
#................#......#W§§§##..
###.....................##§§##...
..###...........@........####....
###.....#..#...............†.....
#............................<...
..###..###..######...............
###......##.#######.........#....
#.....##.#.......###....♣♣..#._..
........................♣♣..#....
#.....#.#...............♣♣..####.
###...#.#...............♣♣.......


There were no monsters in sight!

Vanquished Creatures
  An orc priest (D:3)
  An orc wizard (D:3)
  4 adders
  A gnoll (D:2)
  A dart slug (D:3)
  5 orcs (D:3)
  7 endoplasms
  2 goblins
  4 hobgoblins
  2 quokkas (D:3)
  8 ball pythons
  3 bats (D:1)
  4 frilled lizards
  12 kobolds
  2 rats (D:3)
57 creatures vanquished.

Vanquished Creatures (collateral kills)
  An orc (D:3)
1 creature vanquished.

Vanquished Creatures (others)
  A fungus (D:2)
  5 toadstools (D:2)
6 creatures vanquished.

Grand Total: 64 creatures vanquished

Notes
Turn   | Place    | Note
-------+----------+-------------------------------------------
     0 | D:1      | freelancePsychic the Demonspawn Wanderer began the quest
                  | for the Orb.
     0 | D:1      | freelancePsychic set off with the following items: a +0
                  | dagger, a scroll of fog, a +0 robe, a +0 buckler; and the
                  | following spells available to memorise: Necrotise, Summon
                  | Small Mammal, Vampiric Draining, Animate Armour, Summon
                  | Lightning Spire.
     0 | D:1      | Reached XP level 1. HP: 13/13 MP: 3/3
    59 | D:1      | Learned a level 1 spell: Summon Small Mammal
   674 | D:1      | Gained mutation: You are partially covered in razor-sharp
                  | scales. (AC +1, Slay +1) [demonic ancestry]
   674 | D:1      | Reached XP level 2. HP: 8/19 MP: 5/5
   864 | D:1      | Found a faded altar of an unknown god.
   990 | D:1      | Prayed at the altar of an unknown god.
   990 | D:1      | Became a worshipper of Dithmenos the Shadowed
   990 | D:1      | Reached * piety under Dithmenos
  1336 | D:2      | Reached skill level 1 in Short Blades
  1336 | D:2      | Gained mutation: You are mostly covered in razor-sharp
                  | scales. (AC +2, Slay +2) [demonic ancestry]
  1336 | D:2      | Reached XP level 3. HP: 20/25 MP: 6/6
  1387 | D:2      | Reached skill level 1 in Fighting
  1828 | D:3      | Reached XP level 4. HP: 29/32 MP: 7/7
  1849 | D:3      | Found a hazy altar of Hepliaklqana.
  1854 | D:3      | Found a shadowy altar of Dithmenos.
  1854 | D:3      | Noticed a shadow
  1890 | D:3      | Reached skill level 1 in Dodging
  1954 | D:3      | Found an iron altar of Okawaru.
  2049 | D:3      | Reached ** piety under Dithmenos
  2116 | D:3      | Gained mutation: You have a pair of small antennae on your
                  | head. [demonic ancestry]
  2116 | D:3      | Reached XP level 5. HP: 23/38 MP: 8/8
  2245 | D:3      | Found an opulent altar of Gozag.
  2331 | D:3      | Gained mutation: You are robust. (+10% HP) [potion of
                  | mutation]
  2331 | D:3      | Gained mutation: Potions are less effective at restoring
                  | your health. [potion of mutation]
  2331 | D:3      | Gained mutation: Your spells are a little harder to cast,
                  | but a little more powerful. [potion of mutation]
  2331 | D:3      | Gained mutation: Your natural rate of healing is unusually
                  | fast. [potion of mutation]
  2331 | D:3      | HP: 1/41 [poisoned by a kobold brigand (curare-tipped
                  | dart)]
  2332 | D:3      | Succumbed to a kobold brigand's curare-tipped dart

Illustrated notes

Levels and vault maps discovered:
D:1:      roderic_octagonal_star, layout_loops_corners,
          ebering_ecumenical_altar_mist, grunt_decor_resistance,
          dk_noncrumbling_3, minmay_tromino_v4_a
D:2:      layout_loops_corners, minmay_gold_behind_fungi,
          dreamdust_mushroom_princess
D:3:      cheibrodos_thug_alley, layout_rooms,
          riverfiend_overflow_shadow_ancestor,
          mainiacjoe_overflow_small_starburst, mainiacjoe_overflow_chevrons,
          minmay_unequal

Skill      XL: |  1  2  3  4  5 |
---------------+----------------+-----
Short Blades   | 1 2 |  2.7
Stealth        | 2 |  2.0
Fighting       | 1 2 |  2.0
Dodging        | 1 |  1.4
Armour         | |  1.7
Shields        | |  1.0
Spellcasting   | |  2.0
Summonings     | |  2.4
Necromancy     | |  2.1

Action                   |  1- 3 |  4- 6 || total
-------------------------+-------+-------++-------
Melee: Dagger            |    92 |    80 ||   172
Throw: Javelin           |     8 |     3 ||    11
 Cast: Summon Small Mamm |     2 |       ||     2
  Use: Scroll            |     4 |     2 ||     6
       Potion            |       |     2 ||     2
 Stab: Sleeping          |     2 |     1 ||     3
Armor: Leather armour    |    16 |    15 ||    31
       Robe              |     1 |       ||     1
Dodge: Dodged            |    47 |    21 ||    68
Block: Buckler           |    12 |    11 ||    23

Table legend: (Time is in decaauts)
 A = Elapsed time spent in this place.
 B = Non-inter-level travel time spent in this place.
 C = Inter-level travel time spent in this place.
 D = Time resting spent in this place.
 E = Time spent auto-exploring this place.
 F = Levels seen in this place.
 G = Mean time per level.
                   A        B        C        D        E       F      G
               +--------+--------+--------+--------+--------+-----+--------+
         Total |   2305 |   2200 |    105 |    279 |   1449 |   3 |  768.3 |
       Dungeon |   2305 |   2200 |    105 |    279 |   1449 |   3 |  768.3 |
               +--------+--------+--------+--------+--------+-----+--------+

Top non-repeatable levels by time:
     D:1: 1325 daAuts
     D:3: 513 daAuts
     D:2: 466 daAuts
